 Dungeon Crawl Stone Soup version 0.20.1-1-g8b1a95d (webtiles) character file.

83 slep the Chopper (level 4, -5/30 HPs)
             Began as an Octopode Gladiator on Dec 23, 2017.
             Killed from afar by Ijyb (13 damage)
             ... with a wand of flame (?/48)
             ... on level 3 of the Dungeon.
             The game lasted 00:04:52 (1092 turns).

slep the Chopper (Octopode Gladiator)               Turns: 1092, Time: 00:04:52

Health: -5/30      AC:  1    Str: 13    XL:     4   Next: 44%
Magic:  4/4        EV: 14    Int: 10    God:
Gold:   101        SH:  0    Dex: 14    Spells: 3/3 levels left

rFire    . . .     SeeInvis .   a - +0 war axe
rCold    . . .     Gourm    .   (no shield)
rNeg     . . .     Faith    .   b - +0 hat
rPois    .         Spirit   .   (no amulet)
rElec    .         Reflect  .   s - ring of fire
rCorr    .         Harm     .   h - ring of ice
MR       .....                  (no ring)
Stlth    +++.......             (no ring)
Regen    0.1/turn               (no ring)
MPRegen  0.1/turn               (no ring)
                                (no ring)
                                (no ring)

@: no status effects
A: almost no armour, stealthy swim, amphibious, 8 rings, constrict 8, camouflage
1, gelatinous body 1
a: no special abilities


You were on level 3 of the Dungeon.
You were not hungry.

You visited 1 branch of the dungeon, and saw 3 of its levels.

You collected 101 gold pieces.

Inventory:

Hand Weapons
 a - a +0 war axe (weapon)
 r - a +1 falchion of slicing
Missiles
 c - 3 throwing nets (quivered)
Armour
 b - a +0 hat (worn)
Jewellery
 h - a ring of ice (right tentacle)
 s - a ring of fire (left tentacle)
Scrolls
 e - a scroll of identify {unknown}
 f - 2 scrolls of remove curse {unknown}
 j - a scroll of blinking {unknown}
 l - 2 scrolls of teleportation {unknown}
 n - a scroll of magic mapping {unknown}
Potions
 g - 2 potions of curing {unknown}
 m - a potion of mutation {unknown}
 o - 2 potions of degeneration {unknown}
 q - a potion of haste {unknown}
Comestibles
 d - 3 bread rations
 i - 2 meat rations
 k - 2 royal jellies
 p - 6 chunks of flesh


   Skills:
 + Level 2.6 Fighting
 + Level 4.1 Axes
 + Level 2.0 Throwing
 + Level 3.5 Dodging
 + Level 1.7 Stealth


You had 3 spell levels left.
You didn't know any spells.

Dungeon Overview and Level Annotations

Branches:
Dungeon (3/15)

Altars:
Uskayaw

Annotations:
D:3 Dogology's ghost, weakling DsAK; Ijyb


Innate Abilities, Weirdness & Mutations

You cannot wear most types of armour.
You are very stealthy in the water. (Stealth+)
You are amphibious.
You can wear up to eight rings at the same time.
You can use your tentacles to constrict eight enemies at once.
Your skin changes colour to match your surroundings (Stealth+).
Your rubbery body absorbs attacks. (AC +1, EV +1)


Message History

* * * LOW HITPOINT WARNING * * *
It is a wand of flame (?/48).
You barely miss Ijyb. You grab Ijyb. You constrict Ijyb, but do no damage.
Ijyb hits you but does no damage.
Dogology's ghost (weakling Demonspawn Abyssal Knight) comes into view.
You hit Ijyb.
Ijyb is moderately wounded.
You constrict Ijyb.
Ijyb zaps a wand.
The puff of flame misses you.
Dogology's ghost moves out of view.
Ijyb hits you but does no damage.
An adder comes into view.
The adder hisses angrily.
You hit Ijyb but do no damage.
Ijyb is moderately wounded.
You constrict Ijyb, but do no damage.
Ijyb zaps a wand.
The puff of flame misses you.
You hit Ijyb but do no damage.
Ijyb is moderately wounded.
You constrict Ijyb, but do no damage.
Ijyb zaps a wand.
The puff of flame hits you!
You die...

.. .# .. S. ### . .# ..
.# .##.##.# .o.#.$# #
##g#..# . ##.#.@..#
#.#......##
#..........##...#
#.....###..##.#.#######
#.....# #.....#.......#
#.....# #....######..
.##.....# ##..#.#
........# ##..#..##
#.....###.#...#.#


You could see Ijyb, an adder and an orc.

Vanquished Creatures
  4 adders (D:2)
  2 dart slugs (D:2)
  2 leopard geckos (D:2)
  3 bats
  A giant cockroach (D:2)
  4 goblins
  12 hobgoblins
  4 kobolds
  A quokka (D:2)
  5 frilled lizards
  2 rats
40 creatures vanquished.

Notes
Turn   | Place    | Note
-------+----------+-------------------------------------------
     0 | D:1      | slep the Octopode Gladiator began the quest for the Orb.
     0 | D:1      | Reached XP level 1. HP: 14/14 MP: 1/1
   313 | D:1      | Reached XP level 2. HP: 19/19 MP: 2/2
   562 | D:2      | Found a hide-covered altar of Uskayaw.
   583 | D:2      | Reached XP level 3. HP: 24/24 MP: 3/3
   754 | D:2      | Reached skill level 1 in Stealth
   754 | D:2      | Reached XP level 4. HP: 9/30 MP: 4/4
   861 | D:2      | Reached skill level 4 in Axes
  1083 | D:3      | Noticed Ijyb
  1090 | D:3      | Noticed Dogology's ghost (weakling DsAK)
  1092 | D:3      | Killed from afar by Ijyb

Skill      XL: |  1  2  3  4 |
---------------+-------------+-----
Stealth        | 1 |  1.7
Axes           | 4 |  4.1
Fighting       | |  2.6
Throwing       | |  2.0
Dodging        | |  3.5

Action                   |  1- 3 |  4- 6 || total
-------------------------+-------+-------++-------
Melee: War axe           |    53 |    29 ||    82
       Constrict         |    15 |     6 ||    21
       Tentacles         |    12 |     2 ||    14
 Stab: Sleeping          |     5 |     1 ||     6
  Eat: Chunk             |       |     1 ||     1
Armor: Skin              |     2 |     4 ||     6
Dodge: Dodged            |    24 |    17 ||    41
